 Dungeon Crawl Stone Soup version 0.18-a0-1811-g3a71842 (webtiles) character file.

299 Blondin the Carver (level 6, -8/39 HPs)
             Began as a High Elf Gladiator on Apr 27, 2016.
             Was an Initiate of Ashenzari.
             Mangled by Duvessa
             ... wielding a +0 short sword
              (17 damage)
             ... on level 3 of the Dungeon.
             The game lasted 00:29:55 (3942 turns).

Blondin the Carver (High Elf Gladiator)             Turns: 3942, Time: 00:29:56

Health: -8/39      AC:  5    Str: 14    XL:     6   Next: 13%
Magic:  7/7        EV: 19    Int: 13    God:    Ashenzari [......]
Gold:   199        SH:  0    Dex: 22    Spells: 0 memorised, 5 levels left

rFire  . . .     SeeInvis .     n - +4 quarterstaff (chaos)
rCold  . . .     Gourm    .     b - +0 leather armour
rNeg   . . .     Faith    .     (shield currently unavailable)
rPois  .         Spirit   .     (helmet restricted)
rElec  .         Dismiss  .     o - +1 cloak
rCorr  .         Reflect  .     (no gloves)
SustAt .         Harm     .     (no boots)
MR     .....     Rnd*Tele +     (no amulet)
Stlth  +++.......               (no ring)
                                g - +3 ring of slaying

@: agile, very slightly contaminated, not resistant to hostile enchantments,
fairly stealthy
A: antennae 1, blink, teleportitis 1, subdued magic 1
a: Blink, Curse Item, Renounce Religion


You were on level 3 of the Dungeon.
You worshipped Ashenzari.
Ashenzari was noncommittal.
You were not hungry.

You visited 1 branch of the dungeon, and saw 4 of its levels.

You collected 199 gold pieces.

Inventory:

Hand Weapons
 a - a +0 long sword
 n - a +4 quarterstaff of chaos (weapon)
 p - a +3 dagger of holy wrath
 t - the +8 mace "Virrysi" {vamp, rElec rPois rC++ Str-4}
   (You found it on level 4 of the Dungeon)

   It inflicts no extra harm, but heals its wielder somewhat when it strikes a
   living foe.
   It affects your strength (-4).
   It greatly protects you from cold.
   It insulates you from electricity.
   It protects you from poison.
 B - a +1 dagger of electrocution
 C - a +1 hunting sling of freezing
 E - a +0 dagger of speed
Missiles
 c - 21 sling bullets
 d - 4 throwing nets
 r - 183 stones (quivered)
Armour
 b - a +0 leather armour (worn)
 o - a +1 cloak (worn)
 D - a +2 helmet of intelligence
 F - the +0 chain mail of Eternal Night {rF+ rC+}
   (You found it on level 4 of the Dungeon)

   It protects you from fire.
   It protects you from cold.
 I - a +0 crystal plate armour
Jewellery
 g - a +3 ring of slaying (left hand)
Wands
 e - a wand of flame (9/48)
 k - a wand of slowing (2/48)
 u - a wand of polymorph (10/24)
Scrolls
 x - a scroll of enchant weapon
 y - 4 scrolls of magic mapping
 H - a scroll of fear
Potions
 j - 2 potions of ambrosia
 m - 2 potions of might
 q - a potion of brilliance
 s - a potion of flight
 v - a potion of curing
 w - a potion of lignification {unknown}
 z - a potion of haste {unknown}
 J - a potion of cancellation {unknown}
Comestibles
 f - 3 bread rations
 h - 3 meat rations
 i - 2 beef jerkies
 G - 5 chunks of flesh
 K - 4 fruits


   Skills:
 - Level 2.0 Fighting
 + Level 8.3 Long Blades
 - Level 2.0 Throwing
 - Level 3.2 Dodging


You had 5 spell levels left.
You didn't know any spells.

Dungeon Overview and Level Annotations

Branches:
Dungeon (4/15)
 Temple: D:4-7

Altars:
Ashenzari
Cheibriados
Kikubaaqudgha
Nemelex Xobeh
Trog
Xom
Yredelemnul
Zin

Annotations:
D:3 Duvessa


Innate Abilities, Weirdness & Mutations

You have a pair of small antennae on your head.
You can translocate small distances at will.
You are occasionally teleported next to monsters.
Your spells are a little easier to cast, but a little less powerful.


Message History

Aim: Duvessa, wielding a short sword and wearing a shiny ring mail (berserk, fast, unusually strong, chance to defeat MR: 34%) Duvessa easily resists.
Evoking this partially-identified wand wasted a few charges.
Duvessa completely misses you.
You hit Duvessa but do no damage. Duvessa barely misses you.
Duvessa hits you with a short sword!
Unknown command.
You sock Duvessa!
Duvessa is moderately wounded.
Duvessa hits you with a short sword!
* * * LOW HITPOINT WARNING * * *
Duvessa misses you.
Drink which item? (? for menu, Esc to quit)
You feel better. Duvessa closely misses you.
Duvessa hits you with a short sword.
* * * LOW HITPOINT WARNING * * *
Drink which item? (? for menu, Esc to quit)
You feel agile all of a sudden. Duvessa hits you with a short sword!
You die...

#..........'......§.
#..........'........
#######........≈≈#........
########....##........≈≈#########
.......................≈≈≈..#...#
............###.......#≈≈≈..'...'
............##.<.......#≈≈.)#...#
.......[....##.)e......#≈≈..#####
....######.....)@......#≈≈)......
...## ##............#≈≈≈......
....# ###...........##≈≈≈≈≈≈≈≈
....######......>.........≈≈≈≈≈≈≈
.........#.....#.....####.#######
...#####...........### #.#######
...## ##.....#.##.# #.)......
....# ##......#.##.# ##.#####.
....# #..#....#.##.# #####.#####.


You could see Duvessa (berserk).

Vanquished Creatures
  Dowan (D:4)
  Crazy Yiuf (D:2)
  A hound (D:4)
  Jessica (D:2)
  Ijyb (D:2)
  A hound skeleton (D:4)
  Robin (D:3)
  2 adders
  An ooze (D:1)
  A worm (D:2)
  A dart slug (D:2)
  2 giant geckos
  3 orcs
  A ball python (D:1)
  2 giant cockroaches
  22 goblins
  6 hobgoblins
  7 jackals
  2 quokkas (D:2)
  8 bats
  3 giant newts
  11 kobolds
  5 rats
84 creatures vanquished.

Notes
Turn   | Place    | Note
--------------------------------------------------------------
     0 | D:1      | Blondin the High Elf Gladiator began the quest for the Orb.
     0 | D:1      | Reached XP level 1. HP: 14/14 MP: 2/2
   160 | D:1      | Reached skill level 4 in Long Blades
   415 | D:1      | Reached XP level 2. HP: 19/19 MP: 3/3
  1143 | D:1      | Reached skill level 5 in Long Blades
  1333 | D:1      | Reached XP level 3. HP: 24/24 MP: 4/4
  1348 | D:2      | Noticed Jessica
  1355 | D:2      | Killed Jessica
  1613 | D:2      | Found a shimmering altar of Xom.
  1613 | D:2      | Noticed an angel
  1614 | D:2      | Found a glowing silver altar of Zin.
  1626 | D:2      | Reached XP level 4. HP: 29/29 MP: 5/5
  1718 | D:2      | Gained mutation: You are occasionally teleported next to monsters. [potion of mutation]
  1718 | D:2      | Gained mutation: You have a pair of small antennae on your head. [potion of mutation]
  1718 | D:2      | Gained mutation: Your spells are a little easier to cast, but a little less powerful. [potion of mutation]
  1719 | D:2      | Gained mutation: You are robust (+10% HP). [potion of mutation]
  1719 | D:2      | Lost mutation: You are robust (+10% HP). [potion of mutation]
  1719 | D:2      | Gained mutation: You can translocate small distances at will. [potion of mutation]
  1738 | D:2      | Reached skill level 6 in Long Blades
  1809 | D:2      | Found a sparkling altar of Nemelex Xobeh.
  1865 | D:2      | Found a shattered altar of Ashenzari.
  1876 | D:2      | Noticed Ijyb
  1889 | D:2      | Killed Ijyb
  2069 | D:2      | Noticed Crazy Yiuf
  2083 | D:2      | HP: 1/29 [Crazy Yiuf/wand of flame (9)]
  2087 | D:2      | Killed Crazy Yiuf
  2087 | D:2      | Reached XP level 5. HP: 2/34 MP: 6/6
  2431 | D:2      | Reached skill level 7 in Long Blades
  2870 | D:2      | Found a snail-covered altar of Cheibriados.
  2901 | D:2      | Became a worshipper of Ashenzari the Shackled
  2935 | D:3      | Found a bloodstained altar of Trog.
  2990 | D:3      | Found a basalt altar of Yredelemnul.
  3318 | D:3      | Noticed Robin
  3412 | D:3      | Killed Robin
  3560 | D:4      | Found an ancient bone altar of Kikubaaqudgha.
  3635 | D:4      | Got the uncursed chain mail of Eternal Night {rF+ rC+}
  3663 | D:4      | Got the mace "Virrysi" {vamp, rElec rPois rC++ Str-4}
  3774 | D:4      | Noticed Duvessa
  3774 | D:4      | Noticed Dowan
  3805 | D:4      | Killed Dowan
  3805 | D:4      | Reached skill level 8 in Long Blades
  3816 | D:4      | Reached XP level 6. HP: 39/39 MP: 7/7
  3942 | D:3      | Mangled by Duvessa

Vault maps used:
D:1:      matt_arrival_los_fun, minivault_11
D:2:      grunt_temple_overflow_order_and_chaos_1,
          nicolae_overflow_hidden_temple, uniq_crazy_yiuf_cottage, uniq_jessica,
          uniq_iyjb
D:3:      kennysheep_goblin_castle, nicolae_overflow_crystal_walls,
          old_standard_altar, first_bread
D:4:      vehumet_altar_wand_db, overflow_temple_1_default,
          serial_co_window_serial, co_window_paths_a, co_window_corner_a,
          co_window_paths_a, co_window_paths_b, co_window_of_opportunity_a,
          co_window_paths_a, co_window_paths_a, co_window_of_opportunity_a,
          co_window_paths_b, co_window_corner_b, co_window_2corner,
          co_window_2corner, co_window_broadway_c, glass_columns_c,
          glass_columns_b, uniq_robin, uniq_duvessa

Skill      XL: |  1  2  3  4  5 |
---------------+----------------+-----
Long Blades    | 4 5 6 8 |  8.3
Fighting       | |  2.0
Throwing       | |  2.0
Dodging        | |  3.2

Action                   |  1- 3 |  4- 6 || total
-------------------------+-------+-------++-------
Melee: Long sword        |    67 |    10 ||    77
       Quarterstaff      |       |    23 ||    23
       Dagger            |       |     1 ||     1
 Fire: Hunting sling     |       |    91 ||    91
Throw: Stone             |    33 |    14 ||    47
       Throwing net      |     2 |       ||     2
Evoke: Wand              |       |    13 ||    13
  Use: Scroll            |       |    13 ||    13
       Potion            |       |     4 ||     4
 Stab: Sleeping          |     2 |       ||     2
       Held in net/web   |     2 |       ||     2
  Eat: Chunk             |     2 |     7 ||     9
Armor: Leather armour    |    11 |    15 ||    26
Dodge: Dodged            |    40 |    32 ||    72
